 Dungeon Crawl Stone Soup version 0.24.1-11-gbbbb2193e6 (webtiles) character file.

Game seed: 12971840175323242539, levelgen mode: deterministic

7224 lepoulpe303 the Destroyer (level 11, 0/54 HPs)
             Began as a Gargoyle Fire Elementalist on May 14, 2020.
             Was an Elder of Vehumet.
             Slain by a large slime creature (7 damage)
             ... on level 10 of the Dungeon.
             The game lasted 00:53:59 (10189 turns).

lepoulpe303 the Destroyer (GrFE)                   Turns: 10189, Time: 00:54:00

Health: 0/54       AC: 15    Str: 15    XL:     11   Next: 11%
Magic:  27/31      EV: 14    Int: 19    God:    Vehumet [****..]
Gold:   393        SH:  0    Dex: 10    Spells: 2/25 levels left

rFire    . . .     SeeInvis +   A - +1 whip (elec)
rCold    . . .     Gourm    .   (no shield)
rNeg     + . .     Faith    .   D - +1 robe of Grot {+Fly rPois Str+3 SInv}
rPois    ∞         Spirit   .   k - +2 helmet
rElec    +         Reflect  .   (no cloak)
rCorr    .         Harm     .   (no gloves)
MR       .....                  z - +0 pair of boots {Stlth+} {Stlth+}
Stlth    +++.......             h - amulet of magic regeneration
HPRegen  0.18/turn              v - ring of magical power {MP+9}
MPRegen  0.47/turn              W - ring of wizardry {Wiz+}

@: slowed, studying Dodging, very slow
A: negative energy resistance 1, electricity resistance, unbreathing,
petrification resistance, rot immunity, AC +8
a: Renounce Religion, Evoke Flight


You were on level 10 of the Dungeon.
You worshipped Vehumet.
Vehumet was greatly pleased with you.
You were not hungry.

You visited 2 branches of the dungeon, and saw 11 of its levels.

You collected 423 gold pieces.
You spent 30 gold pieces at shops.

Inventory:

Hand Weapons
 l - a +1 flail of protection
 A - a +1 whip of electrocution (weapon)
Armour
 a - a +1 robe
 k - a +2 helmet (worn)
 z - a +0 pair of boots of stealth (worn) {Stlth+}
 D - the +1 robe of Grot (worn) {+Fly rPois Str+3 SInv}
   (You found it on level 6 of the Dungeon)

   It affects your strength (+3).
   It protects you from poison.
   It lets you see invisible.
   It lets you fly.
 M - a +0 robe of magic resistance {MR+}
Jewellery
 h - an amulet of magic regeneration (around neck)
 n - an uncursed ring of ice {rC+, rF-}
 v - a ring of magical power (left hand) {MP+9}
 K - an uncursed ring of protection from magic {unknown}
 W - a ring of wizardry (right hand) {Wiz+}
Wands
 o - a wand of disintegration (17)
 p - a wand of clouds (3)
 C - a wand of polymorph (3)
 F - a wand of scattershot (2)
 H - a wand of iceblast (5)
Scrolls
 b - a scroll of noise {unknown}
 f - a scroll of fear {unknown}
 g - 3 scrolls of enchant armour
 i - 6 scrolls of identify
 m - 3 scrolls of enchant weapon {unknown}
 t - a scroll of teleportation
 w - 4 scrolls of remove curse
 x - 3 scrolls of magic mapping {unknown}
 B - 3 scrolls of blinking {!r}
Potions
 c - 2 potions of lignification {unknown}
 d - 2 potions of degeneration {unknown}
 j - 4 potions of haste {unknown}
 q - a potion of cancellation {unknown}
 r - 2 potions of flight {unknown}
 s - 4 potions of curing {unknown}
 u - a potion of ambrosia {unknown}
 E - a potion of mutation {unknown}
 G - 2 potions of berserk rage {unknown}
 L - a potion of agility {unknown}
Books
 y - a manual of Dodging {!d}
Miscellaneous
 I - a fan of gales
Comestibles
 e - 13 rations
 J - 3 chunks of flesh


   Skills:
 + Level 5.3 Maces & Flails
 + Level 6.2 Dodging
 - Level 3.0 Stealth
 * Level 7.8 Spellcasting
 * Level 9.1 Conjurations
 * Level 8.9 Fire Magic
 - Level 4.0 Earth Magic


You had 2 spell levels left.
You knew the following spells:

 Your Spells              Type           Power        Failure   Level  Hunger
a - Flame Tongue          Conj/Fire      #####        1%          1    None
b - Inner Flame           Hex/Fire       ###.....     1%          3    #......
c - Conjure Flame         Conj/Fire      #####...     1%          3    #......
d - Shock                 Conj/Air       ###.         1%          1    None
e - Blink                 Tloc           N/A          6%          2    None
f - Fireball              Conj/Fire      #####.....   1%          5    #####..
s - Sticky Flame          Conj/Fire      #####...     1%          4    ###....
w - Passwall              Tmut/Erth      ###.....     2%          2    None
x - Throw Flame           Conj/Fire      #####.       1%          2    None

Your spell library contained the following spells:

 Spells                   Type           Power        Failure   Level  Hunger
 Bolt of Magma            Conj/Fire/Erth #####.....   1%          5    #####..
 Magic Dart               Conj           ####         1%          1    None
 Sandblast                Erth           ###...       1%          1    None
 Searing Ray              Conj           #####.       1%          2    None
 Animate Skeleton         Necr           N/A          4%          1    None
 Pain                     Necr           #...         4%          1    None
 Call Imp                 Summ           #.......     6%          2    None
 Slow                     Hex            #.......     6%          2    None
 Dazzling Spray           Conj/Hex       ###...       1%          3    #......
 Mephitic Cloud           Conj/Pois/Air  ###.....     1%          3    #......
 Stone Arrow              Conj/Erth      ####..       1%          3    #......
 Force Lance              Conj/Tloc      ###.....     1%          4    ###....
 Fulminant Prism          Conj/Hex       ###.......   1%          4    ###....
 Iskenderun's Mystic Bla  Conj           #####...     1%          4    ###....
 Lee's Rapid Deconstruct  Erth           ###.......   5%          5    #####..
 Regeneration             Chrm/Necr      #.........   12%         3    #......
 Vampiric Draining        Necr           #.........   12%         3    #......
 Petrify                  Tmut/Erth      ###.....     16%         4    ###....
 Animate Dead             Necr           N/A          34%         4    ###....


Dungeon Overview and Level Annotations

Branches:
Dungeon (10/15)            Temple (1/1) D:4
   Lair: D:8-11         Orc: D:9-12

Altars:
Ashenzari
Cheibriados
Dithmenos
Elyvilon
Fedhas
Gozag
Hepliaklqana
Kikubaaqudgha
Makhleb
Nemelex Xobeh
Okawaru
Qazlal
Ru
Sif Muna
Trog
Uskayaw
Vehumet
Wu Jian
Xom
Yredelemnul
Zin

Shops:
D:4 *

Annotations:
D:3 1 runed translucent door, Vojta's ghost, amateur KoAK


Innate Abilities, Weirdness & Mutations

You are resistant to torment.
Your stone body is resilient. (AC +8)
You are immune to poison.
You resist negative energy. (rN+)
You are resistant to electric shocks. (rElec)
You can survive without breathing.
You are immune to petrification.
You are immune to rotting.


Message History

The wraith hits you. The wraith drains your vigour!
You feel as though you will be slow longer.
Aim: a wraith (almost destroyed)
The flame tongue hits the wraith!
You destroy the wraith!
You feel your power returning.
Two slime creatures merge to form a large slime creature.
Aim: a large slime creature (lightly wounded)
The flame tongue hits the large slime creature!
The large slime creature misses you.
Aim: a large slime creature (lightly wounded)
The flame tongue misses the large slime creature.
The large slime creature hits you!!
Ouch! That really hurt!
* * * LOW HITPOINT WARNING * * *
The large slime creature closely misses you.
You take 28 damage, and have 6/54 hp.
MASSIVE DAMAGE!!
The large slime creature hits you!
You die...

#. #.# # #. #.# +#
#.#. #.# ...
#.#>###.# ....
........# .....
.##.....####......
P....<..@J.'......
...#(..####......
#..## ..... #.##
.... #.# ... #.#
####### '# #.#
#.....## #
#†###.......
#.......#


You could see a large slime creature.

Levels and vault maps discovered:
D:1:      tarquinn_simple_flora_water_f, layout_basic
D:2:      layout_rooms, uniq_natasha, uniq_terence
D:3:      layout_loops_ring, gammafunk_ghost_grave, first_ration, uniq_jessica
D:4:      layout_rooms, minmay_temple_entry_butterflies, serial_shops,
          kennysheep_little_box
D:5:      layout_rooms, minmay_overflow_temple_star_quad, serial_bayou_pond_b,
          minmay_manual_maat
D:6:      nicolae_whirlpool, layout_gridville, kennysheep_slug_shrine,
          serial_bayou, serial_bayou_lake_a, serial_bayou_lagoon_a,
          serial_bayou_pond_e, serial_bayou_crossing, uniq_prince_ribbit1,
          uniq_pikel
D:7:      layout_gridville, minmay_quadrilaterals, uniq_menkaure
D:8:      layout_cave_pods, grunt_pizzeria, uniq_psyche
D:9:      layout_long_grid
D:10:     layout_loops_corners, minmay_lair_entry_grove
Temple:   eino_narrow_crystal_temple

Notes
Turn   | Place    | Note
-------+----------+-------------------------------------------
     0 | D:1      | lepoulpe303 the Gargoyle Fire Elementalist began the quest
                  | for the Orb.
     0 | D:1      | Reached XP level 1. HP: 10/10 MP: 3/3
    12 | D:1      | Identified a +0 club
    13 | D:1      | Identified a cursed -3 club
    84 | D:1      | Identified a +0 dagger
    89 | D:1      | Identified a +1 dagger of protection
   246 | D:1      | Identified a +0 club
   253 | D:1      | Reached XP level 2. HP: 12/15 MP: 5/5
   257 | D:1      | Learned a level 2 spell: Throw Flame
   274 | D:1      | Identified a +0 whip
   329 | D:1      | Identified a +0 club
   377 | D:1      | Identified a +0 club
   497 | D:1      | Identified a +0 dagger
   504 | D:1      | Identified a +0 club
   514 | D:1      | Reached XP level 3. HP: 19/19 MP: 1/6
   519 | D:1      | Learned a level 3 spell: Conjure Flame
   558 | D:1      | Identified a +0 club
   751 | D:1      | Identified a +0 dagger
   809 | D:1      | Reached skill level 2 in Conjurations
  1018 | D:2      | Noticed Natasha
  1023 | D:2      | Killed Natasha
  1023 | D:2      | Reached XP level 4. HP: 24/24 MP: 1/7
  1046 | D:2      | Identified a +0 robe
  1054 | D:2      | Identified a +0 short sword
  1063 | D:2      | Identified a +0 club
  1065 | D:2      | Identified a +0 robe
  1339 | D:2      | Noticed Natasha
  1343 | D:2      | Killed Natasha
  1343 | D:2      | Reached skill level 2 in Dodging
  1343 | D:2      | Reached XP level 5. HP: 28/28 MP: 3/9
  1348 | D:2      | Learned a level 3 spell: Inner Flame
  1448 | D:2      | Identified a +0 dagger
  1485 | D:2      | Identified a +1 flail of protection
  1485 | D:2      | Identified a +0 chain mail
  1485 | D:2      | Noticed Terence
  1611 | D:2      | HP: 6/28 [Terence/+1 flail of protection (6)]
  1625 | D:2      | HP: 3/28 [Terence/+1 flail of protection (4)]
  1675 | D:2      | HP: 6/28 [Terence/+1 flail of protection (2)]
  1704 | D:2      | Noticed Natasha
  1713 | D:2      | Killed Terence
  1713 | D:2      | Reached skill level 3 in Stealth
  1713 | D:2      | Reached skill level 3 in Spellcasting
  1934 | D:2      | Identified 2 scrolls of enchant armour
  2024 | D:2      | Killed Natasha
  2024 | D:2      | Reached skill level 3 in Conjurations
  2024 | D:2      | Reached skill level 4 in Fire Magic
  2101 | D:3      | Identified a +0 dagger
  2135 | D:3      | Identified a +0 large shield
  2241 | D:3      | Reached XP level 6. HP: 31/32 MP: 7/10
  2295 | D:3      | Identified a +0 spear
  2295 | D:3      | Identified a +0 spear
  2295 | D:3      | Identified a +0 short sword
  2295 | D:3      | Identified a +0 spear
  2467 | D:3      | Found a runed translucent door.
  2467 | D:3      | Noticed Vojta's ghost (amateur KoAK)
  2569 | D:3      | Identified a +0 club
  2569 | D:3      | Identified a +0 robe
  2569 | D:3      | Noticed Jessica
  2575 | D:3      | Killed Jessica
  2639 | D:3      | Identified a +0 club
  2830 | D:3      | Identified 2 scrolls of identify
  2830 | D:3      | Identified an amulet of magic regeneration (You found it on
                  | level 1 of the Dungeon)
  2832 | D:3      | Identified 2 scrolls of blinking
  2849 | D:4      | Reached skill level 1 in Maces & Flails
  2971 | D:4      | HP: 7/32 [iguana (10)]
  2974 | D:4      | HP: 3/32 [iguana (4)]
  2975 | D:4      | Reached XP level 7. HP: 4/36 MP: 8/12
  3258 | D:4      | Identified a cursed -2 whip
  3281 | D:4      | Found Ukukuipt's General Store.
  3282 | D:4      | Identified a +0 dagger
  3282 | D:4      | Identified a +0 robe
  3283 | D:4      | Identified a +0 leather armour
  3283 | D:4      | Identified a +0 whip
  3283 | D:4      | Identified a +0 dagger
  3285 | D:4      | Reached skill level 4 in Conjurations
  3304 | D:4      | Bought a scroll of teleportation for 30 gold pieces
  3383 | D:4      | Identified a +0 giant spiked club
  3391 | D:4      | Reached skill level 4 in Spellcasting
  3604 | D:4      | Found a staircase to the Ecumenical Temple.
  3611 | Temple   | Entered the Ecumenical Temple
  3724 | Temple   | Became a worshipper of Vehumet
  3833 | D:5      | Entered Level 5 of the Dungeon
  3839 | D:5      | Reached skill level 5 in Fire Magic
  3883 | D:5      | Noticed a hippogriff
  3894 | D:5      | Killed a hippogriff
  3894 | D:5      | Reached skill level 2 in Maces & Flails
  3894 | D:5      | Reached XP level 8. HP: 19/41 MP: 9/14
  3900 | D:5      | Learned a level 4 spell: Sticky Flame
  4083 | D:5      | Reached skill level 5 in Conjurations
  4084 | D:5      | Reached skill level 3 in Dodging
  4320 | D:5      | Found a bloodstained altar of Trog.
  4328 | D:5      | Found an ornate altar of the Wu Jian Council.
  4332 | D:5      | Found an iron altar of Okawaru.
  4605 | D:5      | Identified a +2 helmet (You found it on level 4 of the
                  | Dungeon)
  4635 | D:6      | Identified a +0 shortbow
  4637 | D:6      | Identified a +0 shortbow
  4644 | D:6      | Learned a level 2 spell: Passwall
  4645 | D:6      | Noticed Prince Ribbit
  4677 | D:6      | Reached skill level 5 in Spellcasting
  4778 | D:6      | Reached skill level 6 in Fire Magic
  4851 | D:6      | Reached * piety under Vehumet
  4851 | D:6      | Offered knowledge of Shock by Vehumet.
  4851 | D:6      | Reached skill level 1 in Earth Magic
  4930 | D:6      | Reached skill level 3 in Maces & Flails
  5106 | D:6      | Identified a +1 whip of electrocution
  5106 | D:6      | Identified a +0 robe
  5106 | D:6      | Noticed Pikel
  5193 | D:6      | Identified a +0 shortbow
  5197 | D:6      | Reached skill level 6 in Conjurations
  5248 | D:6      | Identified a +0 pair of boots of stealth (You found it on
                  | level 6 of the Dungeon)
  5277 | D:6      | Identified a +0 war axe
  5277 | D:6      | Identified a +0 plate armour
  5278 | D:6      | Identified a +0 dagger
  5278 | D:6      | Identified a +0 robe
  5278 | D:6      | Identified a +2 dagger of speed
  5278 | D:6      | Identified a +0 robe
  5278 | D:6      | Identified a +0 ring mail
  5365 | D:6      | Killed Prince Ribbit
  5365 | D:6      | Reached XP level 9. HP: 45/45 MP: 12/17
  5368 | D:6      | Learned a level 1 spell: Shock
  5378 | D:6      | Identified a +0 dagger
  5378 | D:6      | Identified a +0 robe
  5392 | D:5      | Reached skill level 2 in Earth Magic
  5720 | D:6      | Reached skill level 4 in Dodging
  6060 | D:6      | Found a snail-covered altar of Cheibriados.
  6072 | D:6      | Identified a +0 giant spiked club
  6174 | D:6      | Identified 3 scrolls of remove curse
  6181 | D:6      | Identified a ring of magical power (You found it on level 5
                  | of the Dungeon)
  6182 | D:6      | Identified a ring of ice (You found it on level 1 of the
                  | Dungeon)
  6184 | D:6      | Identified a ring of wizardry (You found it on level 3 of
                  | the Dungeon)
  6349 | D:6      | Killed Pikel
  6349 | D:6      | Reached skill level 4 in Maces & Flails
  6349 | D:6      | Reached skill level 6 in Spellcasting
  6349 | D:6      | Reached skill level 7 in Conjurations
  6349 | D:6      | Reached skill level 7 in Fire Magic
  6349 | D:6      | Reached skill level 3 in Earth Magic
  6465 | D:6      | Got a colourful robe
  6476 | D:6      | Identified the +1 robe of Grot {+Fly rPois Str+3 SInv} (You
                  | found it on level 6 of the Dungeon)
  6486 | D:6      | Identified a +1 helmet (You found it on level 5 of the
                  | Dungeon)
  6626 | D:6      | Learned a level 2 spell: Blink
  6680 | D:7      | HP: 9/45 [killer bee (7)]
  6683 | D:7      | Reached XP level 10. HP: 7/50 MP: 11/19
  6973 | D:7      | Identified a cursed -3 flail
  6973 | D:7      | Identified a +0 ring mail
  7047 | D:7      | Identified a +0 dagger
  7047 | D:7      | Identified a +0 robe
  7049 | D:7      | Identified a +0 dagger
  7049 | D:7      | Identified a +0 robe
  7051 | D:7      | Offered knowledge of Freeze by Vehumet.
  7051 | D:7      | Identified a +0 trident
  7051 | D:7      | Identified a cursed +0 ring mail
  7066 | D:7      | Reached skill level 5 in Dodging
  7069 | D:7      | Reached ** piety under Vehumet
  7197 | D:7      | Identified a +0 dagger
  7201 | D:7      | Identified a +0 dagger
  7203 | D:7      | Identified a +0 club
  7364 | D:7      | Noticed Menkaure
  7398 | D:7      | Identified a +0 giant club
  7497 | D:7      | Identified a +0 giant spiked club
  7643 | D:7      | Identified a +0 shortbow
  7746 | D:7      | Identified a +0 club
  7746 | D:7      | Identified a +0 ring mail
  7822 | D:7      | Killed Menkaure
  7891 | D:7      | Reached skill level 4 in Earth Magic
  8130 | D:8      | Identified a +0 hand axe
  8139 | D:8      | Identified a +0 dagger
  8139 | D:8      | Identified a +0 robe
  8139 | D:8      | Identified a +0 flail
  8143 | D:8      | Identified a +0 flail
  8148 | D:8      | Reached skill level 8 in Conjurations
  8164 | D:8      | Offered knowledge of Static Discharge by Vehumet.
  8290 | D:8      | Identified a +0 dagger of chaos
  8290 | D:8      | Identified a +0 robe
  8290 | D:8      | Noticed Psyche
  8297 | D:8      | Killed Psyche
  8297 | D:8      | Reached skill level 7 in Spellcasting
  8297 | D:8      | Reached skill level 8 in Fire Magic
  8381 | D:8      | Reached *** piety under Vehumet
  8391 | D:8      | Identified a +0 giant club
  8443 | D:8      | Identified a +0 war axe
  8443 | D:8      | Identified a cursed +0 leather armour
  8446 | D:8      | Identified a +0 dagger
  8447 | D:8      | Identified a +0 dagger
  8689 | D:8      | Identified a +0 dagger
  8847 | D:9      | Identified a cursed +2 battleaxe of venom
  8847 | D:9      | Identified a cursed +0 robe
  8847 | D:9      | Identified a +3 great sword
  8847 | D:9      | Identified a +0 robe
  8847 | D:9      | Identified a cursed +2 spear
  8847 | D:9      | Identified a +0 robe
  8847 | D:9      | Identified a +0 scimitar
  8847 | D:9      | Identified a +0 robe of magic resistance
  8885 | D:9      | Offered knowledge of Ignite Poison by Vehumet.
  8937 | D:9      | Identified an amulet of guardian spirit (You found it on
                  | level 3 of the Dungeon)
  9028 | D:9      | Reached skill level 5 in Maces & Flails
  9281 | D:9      | Identified a +0 giant club
  9309 | D:9      | Identified a +2 war axe
  9309 | D:9      | Identified a +0 robe
  9311 | D:9      | Identified a cursed +0 flail
  9311 | D:9      | Identified a +0 robe
  9323 | D:9      | Identified a cursed +6 battleaxe of freezing
  9323 | D:9      | Identified a +0 robe
  9324 | D:9      | Identified a cursed +3 falchion
  9324 | D:9      | Identified a +0 robe
  9329 | D:9      | Reached skill level 6 in Dodging
  9359 | D:9      | Identified a cursed -3 mace
  9359 | D:9      | Identified a +0 robe
  9406 | D:9      | Identified a cursed +0 giant spiked club
  9475 | D:9      | Identified a +0 leather armour
  9476 | D:9      | Identified a +0 short sword
  9487 | D:9      | Identified a +0 dagger
  9487 | D:9      | Identified a +0 robe
  9492 | D:9      | Reached **** piety under Vehumet
  9566 | D:9      | Identified a +0 whip
  9574 | D:9      | Reached XP level 11. HP: 54/54 MP: 22/22
  9595 | D:9      | Identified a +0 trident
  9595 | D:9      | Identified a +0 chain mail
  9595 | D:9      | Identified a +1 flail of protection
  9668 | D:9      | Offered knowledge of Bolt of Magma by Vehumet.
  9668 | D:9      | Reached skill level 9 in Conjurations
  9675 | D:9      | Learned a level 5 spell: Fireball
  9716 | D:9      | Identified a +0 giant club
  9789 | D:9      | Identified a +0 falchion
  9795 | D:9      | Identified a +0 falchion
 10118 | D:10     | Entered Level 10 of the Dungeon
 10187 | D:10     | HP: 6/54 [large slime creature (28)]
 10189 | D:10     | Slain by a large slime creature

Table legend:
 A = Turns spent in this place as a percentage of turns spent in the entire game.
 B = Non-inter-level travel turns spent in this place as a percentage of non-inter-level travel turns spent in the entire game.
 C = Inter-level travel turns spent in this place as a percentage of turns spent in this place.
 D = Turns resting spent in this place as a percentage of non-inter-level travel turns spent in this place.
 E = Turns spent auto-exploring this place as a percentage of non-inter-level travel turns spent in this place.
 F = Non-inter-level travel turns spent in this place divided by the number of levels of this place that you've seen.
                   A       B       C       D       E      F
               +-------+-------+-------+-------+-------+----------------------
         Total | 100.0 | 100.0 |   3.2 |  25.0 |  49.3 | 896.2
       Dungeon |  98.7 |  98.8 |   3.1 |  25.3 |  48.7 | 974.4
        Temple |   1.3 |   1.2 |  11.6 |   0.0 |  93.9 | 114.0
               +-------+-------+-------+-------+-------+----------------------

Table legend:
 A = Kills in this place as a percentage of kills in entire the game.
 B = Kills by you in this place as a percentage of kills by you in the entire game.
 C = Kills by friends in this place as a percentage of kills by friends in the entire game.
 D = Other kills in this place as a percentage of other kills in the entire game.
 E = Experience gained in this place as a percentage of experience gained in the entire game.
 F = Experience gained in this place divided by the number of levels of this place that you have seen.
                   A       B       C       D       E      F
               +-------+-------+-------+-------+-------+----------------------
         Total | 100.0 | 100.0 |   N/A |   N/A | 100.0 | 938.2
       Dungeon | 100.0 | 100.0 |   N/A |   N/A | 100.0 | 1032.0
               +-------+-------+-------+-------+-------+----------------------

Skill      XL: |  1  2  3  4  5  6  7  8  9 10 11 |
---------------+----------------------------------+-----
Conjurations   | 2 3 4 6 7 8 9 |  9.1
Dodging        | 2 3 4 6 |  6.2
Stealth        | 3 |  3.0
Spellcasting   | 3 4 5 6 7 |  7.8
Fire Magic     | 4 5 6 7 8 |  8.9
Maces & Flails | 1 2 3 4 5 |  5.3
Earth Magic    | 1 3 4 |  4.0

Action                   |  1- 3 |  4- 6 |  7- 9 | 10-12 || total
-------------------------+-------+-------+-------+-------++-------
Melee: Unarmed           |    14 |       |       |       ||    14
       Dagger            |    41 |    77 |       |       ||   118
       Flail             |       |    49 |    97 |       ||   146
       Whip              |       |       |    26 |    75 ||   101
 Cast: Flame Tongue      |    54 |   102 |   163 |   202 ||   521
       Throw Flame       |       |     7 |    46 |   100 ||   153
       Conjure Flame     |       |     1 |       |     4 ||     5
       Inner Flame       |       |       |     3 |     1 ||     4
       Shock             |       |       |     1 |       ||     1
       Passwall          |       |       |       |     1 ||     1
  Use: Scroll            |       |     3 |     2 |     1 ||     6
 Stab: Sleeping          |     1 |     1 |     2 |       ||     4
  Eat: Chunk             |     1 |     4 |     8 |    11 ||    24
       Ration            |       |     1 |     1 |       ||     2
Armor: Robe              |    35 |    81 |   126 |    72 ||   314
Dodge: Dodged            |    52 |   135 |   174 |   110 ||   471

Vanquished Creatures
  Pikel (D:6)
  Psyche (D:8)
  A centaur skeleton (D:9)
  Prince Ribbit (D:6)
  A hornet (D:9)
  A hippogriff (D:5)
  A spriggan (D:8)
  A wraith (D:10)
  Menkaure (D:7)
  An orc warrior (D:5)
  3 ice beasts
  A sky beast (D:6)
  4 slaves
  A black bear (D:8)
  A phantom (D:6)
  8 ogres
  4 centaurs
  A big kobold (D:7)
  6 bullfrogs
  A water moccasin zombie (D:6)
  4 scorpions
  10 killer bees
  A water moccasin skeleton (D:5)
  9 wights (D:9)
  5 electric eels (D:6)
  8 howler monkeys
  A centaur zombie (D:5)
  A crimson imp (D:6)
  A bullfrog zombie (D:6)
  4 hounds
  3 jellies
  5 orc priests
  8 orc wizards
  2 bullfrog skeletons
  7 iguanas
  Jessica (D:3)
  Terence (D:2)
  6 worker ants
  Natasha (thrice) (D:2)
  2 killer bee zombies
  A hound skeleton (D:7)
  3 gnolls (D:3)
  12 adders
  A shadow imp (D:8)
  2 oozes
  2 adder skeletons
  A worm (D:3)
  4 dart slugs
  4 leopard geckos
  18 orcs
  6 giant cockroaches
  9 hobgoblins
  26 jackals
  8 quokkas
  A ball python (D:6)
  10 bats
  7 frilled lizards
  10 goblins
  11 kobolds
  A quokka skeleton (D:4)
  7 rats
266 creatures vanquished.

Vanquished Creatures (others)
  A rat (D:2)
  3 fungi (D:10)
  2 plants (D:10)
6 creatures vanquished.

Grand Total: 272 creatures vanquished
